 Dungeon Crawl Stone Soup version 0.28.0-1-gb440e238dd (webtiles) character file.

Game seed: 7506445588308946262

8915 Peloso the Carver (level 11, -3/95 HPs)
             Began as a Minotaur Fighter on Feb 22, 2022.
             Was an Elder of Okawaru.
             Slain by a freezing wraith (4 damage)
             ... led by a death knight
             ... on level 9 of the Dungeon.
             The game lasted 00:23:12 (10067 turns).

Peloso the Carver (Minotaur Fighter)               Turns: 10067, Time: 00:23:12

Health: -3/95      AC: 24    Str: 23    XL:     11   Next: 16%
Magic:  9/10       EV: 18    Int:  5    God:    Okawaru [****..]
Gold:   300        SH:  7    Dex: 12    Spells: 10/10 levels left

rFire   . . .      SeeInvis .   a - +1 long sword
rCold   + . .      Faith    .   c - +0 buckler
rNeg    . . .      Spirit   .   L - +2 plate armour {rC+}
rPois   .          Reflect  .   (helmet restricted)
rElec   .          Harm     .   I - +0 cloak
rCorr   .          Rampage  .   (no gloves)
Will    .....                   (no boots)
Stlth   ..........              (no amulet)
HPRegen 0.25/turn               o - +4 ring of protection
MPRegen 0.12/turn               N - ring of the Hare {EV+8}

@: mighty, heroic
A: horns 2, retaliatory headbutt
a: Renounce Religion, Heroism, Finesse


You were on level 9 of the Dungeon.
You worshipped Okawaru.
Okawaru was greatly pleased with you.
You visited 2 branches of the dungeon, and saw 10 of its levels.
You also visited: Ossuary and Bailey.

You collected 300 gold pieces.

Inventory:

Hand Weapons
 a - a +1 long sword (weapon)
 b - a +1 war axe of flaming
Armour
 c - a +0 buckler (worn)
 u - +0 fire dragon scales
 I - a +0 cloak (worn)
 L - a +2 plate armour of cold resistance (worn)
Jewellery
 f - a ring of flight
 i - a +6 ring of intelligence
 j - a ring of protection from cold
 o - a +4 ring of protection (left hand)
 w - an amulet of faith
 x - a ring of ice
 y - a ring of resist corrosion
 H - a +6 ring of intelligence
 N - the ring of the Hare (right hand) {EV+8}
   (You found it on level 9 of the Dungeon)

   [ring of evasion]

   EV:        It affects your evasion (+8).
Wands
 q - a wand of acid (1)
 r - a wand of flame (5)
 K - a wand of charming (2)
Scrolls
 d - 7 scrolls of enchant weapon
 g - 2 scrolls of enchant armour
 k - 6 scrolls of noise
 n - a scroll of silence
 t - 8 scrolls of teleportation
 v - 2 scrolls of amnesia {unknown}
 z - a scroll of immolation
 A - 3 scrolls of holy word
 B - a scroll of brand weapon
 C - 2 scrolls of blinking
 E - a scroll of summoning
 G - 2 scrolls of fear
 J - a scroll of fog
Potions
 e - 3 potions of haste
 h - 2 potions of cancellation {unknown}
 l - a potion of heal wounds {unknown}
 m - 4 potions of curing {unknown}
 p - 5 potions of degeneration {unknown}
 s - a potion of brilliance {unknown}
 D - 2 potions of lignification {unknown}
 F - a potion of attraction {unknown}


   Skills:
 + Level 8.9(13.9) Fighting
 + Level 13.3(18.3) Long Blades
 + Level 10.4(15.4) Armour
 + Level 4.2(9.2) Dodging
 + Level 2.1(7.1) Stealth
 + Level 8.2(13.2) Shields
 + Level 1.1 Invocations
 + Level 2.1 Evocations


You had 10 spell levels left.
You didn't know any spells.
Your spell library contained the following spells:

 Spells                   Type           Power      Damage    Failure   Level
 Shock                    Conj/Air       0%         1d3       99%         1
 Sting                    Tmut/Pois      0%         1d3       99%         1
 Poisonous Vapours        Pois/Air       0%         N/A       100%        2
 Dazzling Flash           Conj/Hex       0%         N/A       100%        3
 Frozen Ramparts          Ice            0%         1d2       100%        3
 Gell's Gravitas          Tloc           0%         N/A       100%        3
 Lesser Beckoning         Tloc           0%         N/A       100%        3
 Portal Projectile        Hex/Tloc       0%         N/A       100%        3
 Swiftness                Air            0%         N/A       100%        3
 Teleport Other           Tloc           0%         N/A       100%        3
 Airstrike                Air            0%         N/A       100%        4
 Ice Form                 Ice/Tmut       0%         N/A       100%        4
 Iskenderun's Mystic Bla  Conj/Tloc      0%         2d3       100%        4
 Olgreb's Toxic Radiance  Pois           0%         N/A       100%        4
 Blade Hands              Tmut           0%         N/A       100%        5
 Excruciating Wounds      Necr           0%         N/A       100%        5
 Lightning Bolt           Conj/Air       0%         1d11      100%        5
 Starburst                Conj/Fire      0%         6d3       100%        6
 Summon Ice Beast         Ice/Summ       Unusable   N/A       N/A         4
 Summon Lightning Spire   Summ/Air       Unusable   N/A       N/A         4

Dungeon Overview and Level Annotations

Branches:
Dungeon (9/15)             Temple (1/1) D:7            Lair (0/6) D:9
Ossuary (visited)          Bailey (visited)
    Orc: D:9-12

Altars:
Cheibriados
Dithmenos
Fedhas
Hepliaklqana
Nemelex Xobeh
Okawaru
Qazlal
Ru
Sif Muna
Uskayaw
Wu Jian
Xom
Yredelemnul
Zin
The Shining One

Shops:
D:2 :   D:8 (   D:9 (


Innate Abilities, Weirdness & Mutations

You have a pair of horns on your head.
You reflexively headbutt those who attack you in melee.


Message History

You barely miss the death knight.
The death knight is lightly wounded.
The freezing wraith barely misses you. You furiously retaliate!
You headbutt the freezing wraith! The freezing wraith closely misses you.
You hit the death knight. You headbutt the death knight!
The death knight is moderately wounded.
The death knight reflects your damage back at you!
The death knight hits you with a +3 battleaxe.
The freezing wraith hits you but does no damage.
The freezing wraith misses you.
You slice the death knight!! Your headbutt misses the death knight.
The death knight is severely wounded.
The death knight reflects your damage back at you!
The death knight mumbles some strange prayers to Yredelemnul against you.
Your body is wracked with pain!
* * * LOW HITPOINT WARNING * * *
You barely miss the death knight. You headbutt the death knight!
The death knight is almost dead.
The death knight reflects your damage back at you!
* * * LOW HITPOINT WARNING * * *
The freezing wraith hits you but does no damage.
The freezing wraith misses you. You block the death knight's attack.
You slash the death knight! Your headbutt misses the death knight.
The death knight is almost dead.
The death knight reflects your damage back at you!
* * * LOW HITPOINT WARNING * * *
The freezing wraith hits you.
* * * LOW HITPOINT WARNING * * *
The freezing wraith freezes you! You resist.
* * * LOW HITPOINT WARNING * * *
The freezing wraith misses you.
You slash the death knight!
You kill the death knight!
Okawaru is honoured by your kill.
You can now speed up your combat.
Your damage is reflected back at you!
* * * LOW HITPOINT WARNING * * *
The freezing wraith hits you.
* * * LOW HITPOINT WARNING * * *
The freezing wraith freezes you. You resist.
You die...

. ####### ......#.....#
.....#.###.#
.....#.#.#W#
####...#...#@#
........p..#W#.# ####
>.............+ . ##
...# .###...##.#.#.#..
#. ...# #...)#.#.≈≈≈V.
#.
...##.###....#.#≈≈≈≈≈.
+#+####.
...##...........≈≈∩≈≈.
........
...########.W#.#≈≈.≈≈##
#.##>.
...'Wp.W.....#.##≈.≈##
#.##....#


You could see 2 freezing wraiths.

Vanquished Creatures
  A death knight (D:9)
  A two-headed ogre (Bailey)
  Psyche (D:8)
  A kobold demonologist (D:8)
  2 hornets (D:9)
  Grinder (D:4)
  7 spriggans (Bailey)
  10 yaks
  2 steam dragons
  4 orc warriors
  4 water moccasins
  4 sky beasts
  2 ice beasts
  2 black bears
  7 ogres
  2 centaurs
  A phantom (D:5)
  4 kobold brigands
  Blork the orc (D:6)
  4 bullfrogs
  A scorpion (D:7)
  A wyvern skeleton (D:7)
  5 killer bees (D:9)
  4 wights
  2 centaur zombies
  A bullfrog zombie (D:5)
  5 jellies
  6 orc priests
  3 centaur skeletons
  3 iguanas
  6 orc wizards
  12 mummies (Ossuary)
  6 adders
  2 gnolls (D:3)
  A white imp (D:7)
  3 ufetubi
  2 worms
  A dart slug (D:5)
  28 orcs
  3 ball pythons
  4 endoplasms
  A giant cockroach (D:2)
  4 goblins
  3 hobgoblins
  2 jackals (D:3)
  4 quokkas
  A frilled lizard (D:2)
  2 gnoll skeletons (Ossuary)
  2 goblin skeletons (Ossuary)
  18 kobolds
  2 kobold skeletons (Ossuary)
  2 orc skeletons (Ossuary)
  A rat (D:1)
  11 rat skeletons (Ossuary)
  2 bushes (D:1)
215 creatures vanquished.

Vanquished Creatures (others)
  4 plants (D:1)
4 creatures vanquished.

Grand Total: 219 creatures vanquished

Notes
Turn   | Place    | Note
-------+----------+-------------------------------------------
     0 | D:1      | Peloso the Minotaur Fighter began the quest for the Orb.
     0 | D:1      | Reached XP level 1. HP: 19/19 MP: 0/0
   430 | D:1      | Reached XP level 2. HP: 22/27 MP: 1/1
  1103 | D:2      | Found a sparkling altar of Nemelex Xobeh.
  1167 | D:2      | Reached skill level 3 in Long Blades
  1167 | D:2      | Reached XP level 3. HP: 15/34 MP: 2/2
  1606 | D:2      | Found a faded altar of an unknown god.
  1730 | D:2      | Found Patum's Book Boutique.
  1953 | D:3      | Reached XP level 4. HP: 36/41 MP: 3/3
  2101 | D:3      | Found the +8 woodcutter's axe {vorpal}
  2560 | D:3      | Found a shimmering altar of Xom.
  2660 | D:4      | Reached skill level 4 in Long Blades
  2788 | D:4      | Reached XP level 5. HP: 43/47 MP: 4/4
  2935 | D:4      | Noticed a black bear
  2946 | D:4      | Killed a black bear
  2947 | D:4      | Reached skill level 5 in Armour
  3141 | D:4      | Noticed Grinder
  3153 | D:4      | Killed Grinder
  3154 | D:4      | Reached skill level 5 in Fighting
  3154 | D:4      | Reached skill level 5 in Long Blades
  3154 | D:4      | Reached skill level 1 in Dodging
  3154 | D:4      | Reached XP level 6. HP: 52/56 MP: 5/5
  3385 | D:5      | Entered Level 5 of the Dungeon
  3390 | D:5      | Noticed an ice beast
  3403 | D:5      | Killed an ice beast
  3404 | D:5      | Reached skill level 6 in Long Blades
  3404 | D:5      | Reached XP level 7. HP: 56/61 MP: 6/6
  3486 | D:5      | Reached skill level 5 in Shields
  3503 | D:5      | Reached skill level 1 in Stealth
  3543 | D:5      | Reached skill level 7 in Long Blades
  3595 | D:5      | Reached XP level 8. HP: 23/70 MP: 7/7
  3620 | D:5      | Found a sand-covered staircase.
  3627 | Ossuary  | Entered an ossuary
  3997 | Ossuary  | Reached skill level 8 in Long Blades
  5146 | D:6      | Reached skill level 9 in Long Blades
  5245 | D:6      | Noticed Blork the orc
  5247 | D:6      | Killed Blork the orc
  5490 | D:6      | Reached XP level 9. HP: 70/79 MP: 8/8
  5534 | D:6      | Reached skill level 10 in Long Blades
  5768 | D:7      | Reached skill level 11 in Long Blades
  6466 | D:7      | Found a stormy altar of Qazlal.
  6483 | D:7      | Found a staircase to the Ecumenical Temple.
  6501 | Temple   | Entered the Ecumenical Temple
  6558 | Temple   | Became a worshipper of Warmaster Okawaru
  6638 | D:7      | Found a shadowy altar of Dithmenos.
  6668 | D:7      | Found a hazy altar of Hepliaklqana.
  6963 | D:7      | Found a sparkling altar of Nemelex Xobeh.
  6969 | D:7      | Found a basalt altar of Yredelemnul.
  6979 | D:7      | Found a glowing silver altar of Zin.
  6985 | D:7      | Found a blossoming altar of Fedhas.
  6992 | D:7      | Found a snail-covered altar of Cheibriados.
  6998 | D:7      | Found a hide-covered altar of Uskayaw.
  7301 | D:7      | Found a sacrificial altar of Ru.
  7348 | D:8      | Found Amaitaat's Weapon Emporium.
  7357 | D:8      | Noticed Psyche
  7358 | D:8      | Reached XP level 10. HP: 68/87 MP: 9/9
  7731 | D:8      | Reached * piety under Okawaru
  7732 | D:8      | Reached skill level 1 in Evocations
  7740 | D:8      | Reached skill level 12 in Long Blades
  8153 | D:8      | Killed Psyche
  8153 | D:8      | Reached ** piety under Okawaru
  8683 | D:9      | Found a flagged portal.
  8751 | D:9      | Paralysed by a hornet for 1 turns
  8769 | D:9      | Found a shimmering blue altar of Sif Muna.
  8831 | D:9      | Reached skill level 13 in Long Blades
  9029 | Bailey   | Entered a bailey
  9058 | Bailey   | Reached *** piety under Okawaru
  9363 | Bailey   | Noticed a two-headed ogre
  9365 | Bailey   | Noticed an orc knight
  9391 | Bailey   | Reached skill level 10 in Armour
  9391 | Bailey   | Reached XP level 11. HP: 58/95 MP: 10/10
  9399 | Bailey   | Killed a two-headed ogre
  9728 | Bailey   | Reached skill level 1 in Invocations
  9890 | D:9      | Found the ring of the Hare {EV+8}
  9894 | D:9      | Found a staircase to the Lair.
 10001 | D:9      | Found Quqaoja's Antique Weapon Shop.
 10005 | D:9      | Noticed a death knight
 10067 | D:9      | Killed a death knight
 10067 | D:9      | Reached **** piety under Okawaru
 10067 | D:9      | HP: 4/95 [mirror damage (4)]
 10067 | D:9      | HP: 1/95 [freezing wraith[a death knight] (3)]
 10067 | D:9      | Slain by a freezing wraith

Illustrated notes

Levels and vault maps discovered:
D:1:      onia_arrival_pentagram, layout_basic, serial_forest,
          infiniplex_forest_straight_2, infiniplex_forest_lined_room_3,
          infiniplex_forest_fountain, infiniplex_forest_clump_diagonal,
          infiniplex_forest_lined_3_way, infiniplex_forest_split,
          infiniplex_forest_lined_4_way, infiniplex_forest_end_3
D:2:      layout_rooms, hellmonk_ecumenical_altar_lost_god, serial_shops,
          nicolae_square_shop, basic_altar, grunt_ministairs_8,
          chequers_serial_rivers_room_b, minmay_misc_feat_pillars,
          hangedman_decor_diamond_cutter, minmay_statues_item
D:3:      layout_rooms, tgw_xom
D:4:      layout_gridville, uniq_grinder
D:5:      layout_rooms, chequers_ossuary_entry_cave
D:6:      minmay_angry_zag, layout_cave_pools, uniq_blork_the_orc
D:7:      layout_basic, riverfiend_overflow_shadow_ancestor,
          grunt_temple_overflow_octagram, lemuel_crystal_altar,
          minmay_temple_entry_statues_fountains, st_stairs_14
D:8:      layout_loops_ring, serial_shops, shop, lightli_minifort, uniq_psyche
D:9:      layout_basic, general_overflow_altar, dpeg_oklobed_lair,
          enter_bailey_8, serial_shops, nicolae_shop_waterfront,
          solitary_fountain
Temple:   nicolae_temple_figure_zero

Skill      XL: |  1  2  3  4  5  6  7  8  9 10 11 |
---------------+----------------------------------+-----
Fighting       | 4 5 6 7 8 |  8.9
Long Blades    | 3 4 5 6 7 9 11 13 | 13.3
Armour         | 4 5 6 7 8 10 | 10.4
Shields        | 4 5 6 8 |  8.2
Dodging        | 1 2 4 |  4.2
Stealth        | 1 2 |  2.1
Evocations     | 2 |  2.1
Invocations    | 1 |  1.1

Action                   |  1- 3 |  4- 6 |  7- 9 | 10-12 || total
-------------------------+-------+-------+-------+-------++-------
Melee: Long sword        |   152 |    59 |   344 |   219 ||   774
       Headbutt          |    41 |    10 |    65 |    39 ||   155
Invok: Heroism           |       |       |       |     5 ||     5
Evoke: Wand              |       |     1 |     7 |    18 ||    26
  Use: Potion            |       |     1 |     1 |     1 ||     3
       Scroll            |       |       |     6 |     7 ||    13
 Stab: Invisible         |       |     1 |       |       ||     1
Armor: Scale mail        |    20 |    33 |       |       ||    53
       Chain mail        |       |    10 |   153 |    13 ||   176
       Plate armour      |       |       |       |    97 ||    97
Dodge: Dodged            |    25 |    26 |   111 |    86 ||   248
Block: Buckler           |     8 |    14 |    68 |    55 ||   145
